AoeStats
← AiM | PiscolaPromedio

Arabia

509527338Analyzed
3v3 RM · 4d ago on Sep 27, 2026· 28m 59s· 6 players
Game mode
Random Map
Map size
Normal (6 player)
Population
200
Speed
Normal
Resources
Standard
Victory
Conquest
Starting age
Dark Age
Ending age
Imperial Age
RankedLock teamsTeams togetherTeam positionsShared explorationLock speedFull tech treeHidden civsTurbo modeCheats
Victory
Defeat
🇵🇪 Cumans · Peru
1445
+15
🇦🇷 Dravidians · Argentina
1411
+17
🇦🇷 Goths · Argentina
1366
+18
🇨🇱 Poles · Chile
1448
-18
🇨🇱 Chinese · Chile
1435
-17
🇨🇱 Bengalis · Chile
1389
-15
CORP_Onixraider01
6:20 Loom
9:12 Feudal Age
9:58 Double-Bit Axe
13:26 Fletching
22:28 Castle Age
20:35 Padded Archer Armor
20:53 Gold Mining
23:08 Bodkin Arrow
22:39 Crossbowman
26:59 Stone Mining
27:54 Wheelbarrow
CORP_ EuSanAoE
6:18 Loom
9:31 Feudal Age
9:59 Double-Bit Axe
11:49 Horse Collar
18:02 Wheelbarrow
18:01 Scale Barding Armor
21:46 Castle Age
20:10 Gold Mining
20:44 Forging
21:26 Bloodlines
22:49 Chain Barding Armor
22:43 Bow Saw
CORP_Solano
7:23 Loom
9:47 Feudal Age
11:35 Double-Bit Axe
14:54 Fletching
21:51 Castle Age
20:39 Padded Archer Armor
20:49 Horse Collar
21:14 Gold Mining
22:32 Bodkin Arrow
22:22 Crossbowman
28:34 Ballistics
AiM | Colmilloazul
6:55 Loom
9:12 Feudal Age
10:14 Double-Bit Axe
13:15 Fletching
26:15 Castle Age
24:30 Padded Archer Armor
24:25 Double-Bit Axe
24:55 Horse Collar
26:17 Elite Skirmisher
27:14 Leather Archer Armor
Wa Tong Xing Plata
0:26 Loom
10:56 Feudal Age
11:31 Double-Bit Axe
12:54 Fletching
21:52 Padded Archer Armor
25:16 Castle Age
25:32 Crossbowman
26:10 Bodkin Arrow
AiM | PiscolaPromedio
7:21 Loom
9:38 Feudal Age
10:10 Double-Bit Axe
10:07 Horse Collar
15:47 Scale Barding Armor
16:41 Forging
20:09 Bloodlines
22:42 Wheelbarrow
25:22 Castle Age
25:40 Gold Mining
25:40 Stone Mining
25:23 Light Cavalry
26:06 Husbandry
26:28 Chain Barding Armor
26:43 Iron Casting
26:19 Bow Saw
26:11 Heavy Plow
28:02 Wheelbarrow
Connection lost

Rejoining the realm…

Still unreachable

The connection could not be restored.

Session expired

The server has moved on; the page needs a fresh start.